General information
- name: BNet
- type: Ladder team game (AT/RT)
- host: Battle.net
- saver: ColorCommentBob
map: Cherryville
- players: 8
- length: 26:22
- speed: Fast
- version: 1.27 W3XP
- replay type: Public
» download(203 KB)
Players
team 1 (winner)
TheJukeBox (
green | 89 APM | 2196 actions | 24:32)
8 Priestess of the Moon
3 Searing Arrows
3 Trueshot Aura
1 Starfall
1 Scout
» actions
| Assign group hotkey | 12 | |
| Basic commands | 30 | |
| Build / train | 92 | |
| Enter build submenu | 17 | |
| Enter hero's abilities submenu | 8 | |
| Give item / drop item | 1 | |
| Right click | 1398 | |
| Select / deselect | 484 | |
| Select group hotkey | 73 | |
| Use ability | 81 | |
2196 total
» units
| Wisp | 16 | |
| Archer | 27 | |
| Hippogryph | 20 | |
| Chimaera | 2 | |
65 total
» upgrades
| Improved Bows | 1 | |
| Hippogryph Taming | 1 | |
| Strength of the Moon | 3 | |
| Moon Armor | 2 | |
| Marksmanship | 1 | |
| Strength of the Wild | 1 | |
9 total
» buildings
| Altar of Elders | 1 | |
| Moon Well | 7 | |
| Ancient of War | 1 | |
| Tree of Ages | 3 | |
| Hunter's Hall | 1 | |
| Ancient of Wind | 2 | |
| Tree of Life | 2 | |
| Tree of Eternity | 1 | |
| Ancient of Wonders | 1 | |
| Chimaera Roost | 1 | |
20 total
» build order
00:21 Altar of Elders
00:23 Moon Well
00:24 Moon Well
00:47 Ancient of War
01:29 Moon Well
02:32 Tree of Ages
02:33 Tree of Ages
02:49 Moon Well
03:39 Moon Well
04:07 Hunter's Hall
04:55 Ancient of Wind
04:56 Ancient of Wind
05:49 Tree of Life
10:33 Tree of Eternity
11:09 Ancient of Wonders
13:21 Moon Well
15:25 Moon Well
19:21 Tree of Life
20:27 Chimaera Roost
» items
| Scroll of Town Portal | 3 | |
| Anti-magic Potion | 1 | |
| Lesser Clarity Potion | 1 | |
5 total

»
LegendsNeverDie (
pink | 40 APM | 972 actions | 24:36)
5 Archmage
3 Summon Water Elemental
2 Brilliance Aura
2 Paladin
1 Holy Light
1 Devotion Aura
» actions
| Assign group hotkey | 8 | |
| Basic commands | 68 | |
| Build / train | 79 | |
| ESC pressed | 9 | |
| Enter build submenu | 38 | |
| Enter hero's abilities submenu | 7 | |
| Remove unit from queue | 2 | |
| Right click | 373 | |
| Select / deselect | 309 | |
| Select group hotkey | 14 | |
| Use ability | 65 | |
972 total
» units
| Peasant | 18 | |
| Rifleman | 9 | |
| Mortar Team | 12 | |
| Knight | 6 | |
45 total
» upgrades
| Gunpowder | 2 | |
| Long Rifles | 1 | |
| Lumber Harvesting | 2 | |
| Fragmentation Shards | 1 | |
| Animal War Training | 1 | |
| Swords | 1 | |
| Plating | 1 | |
9 total
» buildings
| Keep | 1 | |
| Altar of Kings | 1 | |
| Farm | 12 | |
| Barracks | 2 | |
| Blacksmith | 1 | |
| Scout Tower | 10 | |
| Arcane Tower | 1 | |
| Lumber Mill | 1 | |
| Guard Tower | 6 | |
| Castle | 1 | |
| Arcane Vault | 3 | |
| Workshop | 2 | |
| Town Hall | 3 | |
44 total
» build order
01:50 Keep
01:53 Altar of Kings
01:58 Farm
02:01 Farm
02:09 Barracks
03:03 Blacksmith
03:21 Scout Tower
03:36 Farm
03:37 Farm
03:53 Arcane Tower
04:11 Scout Tower
04:13 Scout Tower
04:19 Farm
04:51 Lumber Mill
05:18 Guard Tower
05:27 Farm
05:56 Castle
07:05 Farm
07:07 Farm
07:10 Scout Tower
07:29 Arcane Vault
08:46 Arcane Vault
08:49 Arcane Vault
08:53 Scout Tower
09:04 Workshop
09:48 Guard Tower
10:06 Town Hall
10:46 Workshop
12:22 Farm
12:23 Farm
12:25 Farm
12:26 Farm
12:43 Scout Tower
12:47 Scout Tower
14:10 Guard Tower
14:34 Guard Tower
15:52 Scout Tower
15:54 Scout Tower
15:56 Scout Tower
16:49 Guard Tower
18:40 Guard Tower
19:37 Town Hall
21:34 Barracks
22:35 Town Hall
» items
| Scroll of Regeneration | 2 | |
| Scroll of Town Portal | 2 | |
| Orb of Fire | 1 | |
5 total

»
HILARYREALLYWON (
red | 60 APM | 1523 actions | 25:18)
4 Death Knight
2 Death Coil
2 Unholy Aura
» actions
| Basic commands | 2 | |
| Build / train | 94 | |
| Enter build submenu | 13 | |
| Enter hero's abilities submenu | 4 | |
| Give item / drop item | 2 | |
| Right click | 1041 | |
| Select / deselect | 312 | |
| Use ability | 55 | |
1523 total
» units
| Acolyte | 2 | |
| Ghoul | 20 | |
| Crypt Fiend | 33 | |
| Gargoyle | 12 | |
67 total
» upgrades
| Web | 1 | |
| Burrow | 1 | |
| Creature Attack | 1 | |
| Creature Carapace | 1 | |
4 total
» buildings
| Crypt | 3 | |
| Altar of Darkness | 1 | |
| Ziggurat | 7 | |
| Graveyard | 1 | |
| Nerubian Tower | 5 | |
| Halls of the Dead | 1 | |
| Tomb of Relics | 1 | |
19 total
» build order
00:45 Crypt
00:47 Crypt
00:51 Altar of Darkness
00:59 Ziggurat
01:35 Ziggurat
01:39 Graveyard
03:06 Nerubian Tower
04:29 Halls of the Dead
05:16 Ziggurat
05:27 Ziggurat
05:29 Ziggurat
05:32 Ziggurat
07:17 Crypt
07:49 Tomb of Relics
12:47 Nerubian Tower
12:47 Nerubian Tower
12:47 Nerubian Tower
14:47 Ziggurat
» items
| Scroll of Town Portal | 4 | |
| Potion of Healing | 1 | |
| Potion of Mana | 1 | |
| Dust of Appearance | 1 | |
| Scroll of Regeneration | 1 | |
| Potion of Lesser Invulnerability | 1 | |
| Staff of Teleportation | 1 | |
10 total
team 2 (loser)

»
hippo (
orange | 120 APM | 3164 actions | 26:22)
6 Goblin Tinker
3 Pocket Factory
2 Engineering Upgrade
1 Robo-Goblin
5 Priestess of the Moon
3 Trueshot Aura
2 Searing Arrows
4 Keeper of the Grove
2 Entangling Roots
2 Thorns Aura
» actions
| Assign group hotkey | 31 | |
| Basic commands | 372 | |
| Build / train | 164 | |
| ESC pressed | 26 | |
| Enter build submenu | 41 | |
| Enter hero's abilities submenu | 18 | |
| Give item / drop item | 1 | |
| Remove unit from queue | 1 | |
| Right click | 818 | |
| Select / deselect | 624 | |
| Select group hotkey | 927 | |
| Use ability | 141 | |
3164 total
» units
| Wisp | 39 | |
| Archer | 21 | |
| Druid of the Talon | 10 | |
| Chimaera | 2 | |
72 total
» upgrades
| Strength of the Moon | 3 | |
| Improved Bows | 1 | |
| Moon Armor | 3 | |
| Druid of the Talon Training | 2 | |
| Marksmanship | 1 | |
| Well Spring | 1 | |
| Ultravision | 1 | |
| Strength of the Wild | 3 | |
| Corrosive Breath | 1 | |
| Reinforced Hides | 1 | |
17 total
» buildings
| Moon Well | 9 | |
| Ancient of War | 3 | |
| Altar of Elders | 1 | |
| Tree of Life | 4 | |
| Tree of Ages | 3 | |
| Hunter's Hall | 1 | |
| Ancient Protector | 16 | |
| Tree of Eternity | 2 | |
| Ancient of Wind | 2 | |
| Ancient of Wonders | 1 | |
| Chimaera Roost | 1 | |
43 total
» build order
00:21 Moon Well
00:25 Moon Well
00:36 Ancient of War
00:44 Moon Well
00:47 Moon Well
00:54 Moon Well
01:19 Altar of Elders
03:18 Tree of Life
04:17 Moon Well
04:19 Tree of Ages
04:19 Tree of Ages
04:19 Tree of Ages
04:37 Hunter's Hall
06:39 Ancient Protector
06:54 Tree of Eternity
06:54 Tree of Eternity
06:57 Ancient of Wind
07:05 Ancient Protector
07:10 Ancient of Wind
07:17 Ancient of War
07:47 Ancient Protector
08:04 Ancient Protector
08:07 Ancient of Wonders
10:54 Tree of Life
10:56 Ancient Protector
12:01 Ancient Protector
12:03 Ancient Protector
13:53 Ancient Protector
13:56 Ancient Protector
13:57 Ancient of War
14:57 Moon Well
14:59 Moon Well
14:59 Moon Well
15:22 Ancient Protector
16:28 Ancient Protector
16:40 Ancient Protector
19:27 Chimaera Roost
19:41 Tree of Life
21:24 Ancient Protector
24:30 Tree of Life
24:31 Ancient Protector
24:32 Ancient Protector
24:33 Ancient Protector
» items
| Potion of Lesser Invulnerability | 4 | |
| Boots of Speed | 3 | |
| Potion of Healing | 6 | |
| Healing Salve | 1 | |
| Orb of Lightning | 4 | |
| Orb of Venom | 1 | |
| Scroll of Town Portal | 3 | |
| Scroll of Healing | 3 | |
25 total

»
asite1563 (
blue | 77 APM | 2043 actions | 26:22)
5 Tauren Chieftain
2 War Stomp
3 Endurance Aura
1 Shadow Hunter
1 Healing Wave
» actions
| Assign group hotkey | 36 | |
| Basic commands | 5 | |
| Build / train | 74 | |
| ESC pressed | 1 | |
| Enter build submenu | 29 | |
| Enter hero's abilities submenu | 6 | |
| Remove unit from queue | 2 | |
| Right click | 692 | |
| Select / deselect | 312 | |
| Select group hotkey | 773 | |
| Use ability | 113 | |
2043 total
» units
| Peon | 22 | |
| Grunt | 6 | |
| Shaman | 2 | |
| Troll Batrider | 17 | |
| Tauren | 4 | |
51 total
» upgrades
| Shaman Training | 2 | |
| Reinforced Defenses | 1 | |
| Liquid Fire | 1 | |
4 total
» buildings
| Altar of Storms | 1 | |
| Orc Burrow | 7 | |
| Great Hall | 3 | |
| Stronghold | 1 | |
| Barracks | 1 | |
| War Mill | 1 | |
| Voodoo Lounge | 1 | |
| Fortress | 1 | |
| Spirit Lodge | 1 | |
| Beastiary | 3 | |
| Watch Tower | 4 | |
| Tauren Totem | 1 | |
25 total
» build order
00:08 Altar of Storms
00:20 Orc Burrow
02:06 Great Hall
02:49 Stronghold
03:07 Barracks
03:11 Orc Burrow
03:38 War Mill
03:40 Orc Burrow
04:04 Voodoo Lounge
07:01 Fortress
07:57 Spirit Lodge
08:20 Beastiary
08:22 Beastiary
08:35 Beastiary
08:56 Orc Burrow
11:56 Watch Tower
11:57 Watch Tower
11:58 Watch Tower
12:06 Watch Tower
14:42 Orc Burrow
14:51 Orc Burrow
14:58 Tauren Totem
15:42 Great Hall
20:55 Great Hall
21:33 Orc Burrow
» items
| Healing Salve | 2 | |
| Potion of Healing | 1 | |
| Lesser Clarity Potion | 1 | |
| Potion of Mana | 1 | |
| Scroll of Town Portal | 2 | |
7 total

»
newbishhuman (
purple | 110 APM | 2897 actions | 26:22)
5 Blademaster
2 Wind Walk
3 Critical Strike
4 Shadow Hunter
2 Healing Wave
2 Hex
» actions
| Assign group hotkey | 51 | |
| Basic commands | 1 | |
| Build / train | 79 | |
| Enter build submenu | 36 | |
| Enter hero's abilities submenu | 9 | |
| Give item / drop item | 2 | |
| Right click | 1185 | |
| Select / deselect | 608 | |
| Select group hotkey | 849 | |
| Use ability | 77 | |
2897 total
» units
| Peon | 16 | |
| Grunt | 3 | |
| Demolisher | 1 | |
| Troll Headhunter/Berserker | 2 | |
| Troll Batrider | 12 | |
| Tauren | 7 | |
| Wind Rider | 1 | |
| Spirit Walker | 2 | |
44 total
» upgrades
| Spiked Barricades | 1 | |
| Pillage | 1 | |
| Melee Weapons | 3 | |
| Armor | 1 | |
| Ranged Weapons | 1 | |
| Reinforced Defenses | 1 | |
| Pulverize | 1 | |
| Spirit Walker Training | 2 | |
11 total
» buildings
| Altar of Storms | 1 | |
| Orc Burrow | 8 | |
| War Mill | 1 | |
| Voodoo Lounge | 3 | |
| Barracks | 1 | |
| Stronghold | 1 | |
| Watch Tower | 8 | |
| Great Hall | 3 | |
| Fortress | 1 | |
| Beastiary | 2 | |
| Tauren Totem | 2 | |
| Spirit Lodge | 1 | |
32 total
» build order
00:08 Altar of Storms
00:14 Orc Burrow
01:07 War Mill
01:19 Voodoo Lounge
01:39 Orc Burrow
02:23 Barracks
04:06 Stronghold
04:28 Watch Tower
04:42 Watch Tower
05:00 Orc Burrow
05:50 Great Hall
07:31 Fortress
08:30 Beastiary
08:34 Beastiary
08:51 Watch Tower
09:08 Watch Tower
09:10 Voodoo Lounge
09:14 Watch Tower
09:35 Orc Burrow
10:34 Watch Tower
10:55 Watch Tower
11:08 Tauren Totem
12:04 Orc Burrow
12:35 Tauren Totem
15:08 Orc Burrow
16:57 Orc Burrow
17:00 Orc Burrow
19:00 Spirit Lodge
20:25 Watch Tower
21:18 Great Hall
24:44 Voodoo Lounge
25:52 Great Hall
» items
| Orb of Lightning | 1 | |
| Potion of Healing | 3 | |
| Healing Salve | 3 | |
| Scroll of Town Portal | 2 | |
| Potion of Lesser Invulnerability | 1 | |
10 total
Chat log
(00:12 / All) ColorCommentBob: Hey folks we're here with another exciting match of Warcraft 3!
(00:18 / All) PlayByPlayRod: WELCOME EVERYONE! Good evening, ladies and gentlemen
(00:22 / All) PlayByPlayRod: Ït's a fine evening
(00:26 / All) PlayByPlayRod: and a great night for Warcraft 3!
(00:28 / All) ColorCommentBob: On Team 1 we have two orcs and a night elf
(00:31 / All) PlayByPlayRod: I can already tell this is going to be a great game
(00:31 / All) newbishhuman: are u really typing that...
(00:32 / All) TheJukeBox: lol
(00:37 / All) TheJukeBox: yes!
(00:39 / All) newbishhuman: hot keys
(00:45 / All) PlayByPlayRod: Over here on the right side we have a human ,night elf and undead
(00:49 / All) ColorCommentBob: I'm Bob, and with me in the announcer booth today is Rod he'll be the play by play for the evening
(00:55 / All) HILARYREALLYWON: lmao
(00:56 / All) newbishhuman: left side is all team killers
(01:04 / All) PlayByPlayRod: Team 2, against the left team, two orcs and a night elf
(01:05 / All) HILARYREALLYWON: loll
(01:07 / All) HILARYREALLYWON: GG
(01:07 / All) PlayByPlayRod:
(01:09 / All) HILARYREALLYWON: gl next game
(01:09 / All) TheJukeBox: lol
(01:09 / All) HILARYREALLYWON: then
(01:14 / All) PlayByPlayRod: I can already tell it'll be a close match, folks
(01:17 / All) ColorCommentBob: Purple seems to be speaking some gibberish. I don't think his mind is in the right place
(01:20 / All) HILARYREALLYWON: lameass gimmick
(01:21 / All) ColorCommentBob: Might spell trouble for team 1
(01:23 / All) HILARYREALLYWON: cringey
(01:24 / All) HILARYREALLYWON: as well
(01:27 / All) PlayByPlayRod: We have the purple orc here at the bottom left getting started on his blademaster
(01:30 / All) newbishhuman: purp has been drinking
(01:36 / All) PlayByPlayRod: Meanwhile hear on the top left we have an orc going for...
(01:37 / All) TheJukeBox: i slappa da bass
(01:39 / All) PlayByPlayRod: THE TAUREN CHIEFTAIN!
(01:42 / All) PlayByPlayRod: What a surprise!
(01:45 / All) HILARYREALLYWON: lmao
(01:48 / All) ColorCommentBob: Hate to see when players don't take the game seriously, I hope team 1 can get it together
(01:50 / All) newbishhuman: omg how can u have chims so fast! orange
(01:58 / All) PlayByPlayRod: At the top right we have a night elf who is going for the fearsome priestess of the moon
(02:03 / All) newbishhuman: inc chims guys
(02:04 / Allies) newbishhuman: gg
(02:04 / All) PlayByPlayRod: Truly a hero to be feared!
(02:05 / All) newbishhuman: gg
(02:07 / All) HILARYREALLYWON: GG
(02:09 / All) HILARYREALLYWON: peace purp
(02:14 / All) PlayByPlayRod: At the bottom right we have the red undead going death knight
(02:17 / All) HILARYREALLYWON: u leavin?
(02:23 / All) ColorCommentBob: Orange is doing a tryhard technique of AOW creeping
(02:26 / All) HILARYREALLYWON: lmao
(02:28 / All) ColorCommentBob: Let's see how this pays off for him
(02:31 / All) HILARYREALLYWON: yellow just tk them
(02:32 / All) HILARYREALLYWON: ;P
(02:39 / All) PlayByPlayRod: At the top right outside position we have a pink human who is going a rather slow build, he has no hero started yet
(02:50 / All) PlayByPlayRod: OOH! At mid left, orange elected to get a goblin tinker!
(02:59 / All) ColorCommentBob: It seems like red on team 2 is pumping out ghouls?
(03:01 / All) newbishhuman: O SHIT
(03:02 / All) PlayByPlayRod: What a surprise!
(03:08 / All) newbishhuman: we got ourselves a talker
(03:12 / All) ColorCommentBob: Looks like he might be going for some kind of rush
(03:16 / All) PlayByPlayRod: We have at the bottom right an orc attacking my peasants
(03:16 / All) ColorCommentBob: With two crypts
(03:21 / All) newbishhuman: the jukes by this peasent
(03:25 / All) PlayByPlayRod: Gone to harass, but going after the commentator! What a low move!
(03:34 / All) ColorCommentBob: Blue taking his frustration out on innocent peasants
(03:42 / All) ColorCommentBob: Really despicable but hey that's warcraft
(03:43 / All) PlayByPlayRod: Meanwhile the other commentator, my good buddy Bob is being attacked by his own team
(03:45 / All) newbishhuman: wtf?
(03:53 / All) PlayByPlayRod: Sad, at least it's the enemy going after me!
(04:00 / All) newbishhuman: this is halirious
(04:05 / All) PlayByPlayRod: It looks like the blue orc will be taking him as an expansion
(04:12 / All) ColorCommentBob: We got ourselves a TC DK level 1 battle folks
(04:18 / All) ColorCommentBob: This is exhilirating
(04:18 / All) PlayByPlayRod: At the tooooooooooooop RIGHT we have the GREEN NIGHT ELF going to be teching!
(04:23 / All) ColorCommentBob: Pink coming to try a gangbang
(04:26 / All) PlayByPlayRod: What a surprise, night elf fast teching!
(04:28 / All) ColorCommentBob: With his arch mage
(04:31 / All) PlayByPlayRod: He's already almost tier 2!
(04:37 / All) PlayByPlayRod: And establishing a hunter's hall
(04:42 / All) ColorCommentBob: Now we got 2 level 1 heroes attacking level 1 tc
(04:44 / All) PlayByPlayRod: It looks like he'll be creeping top right for an expansion
(04:49 / All) ColorCommentBob: Are they gonna get that expansion?
(04:55 / All) PlayByPlayRod: Meanwhile red is sending all his ghouls across the map!
(05:03 / All) ColorCommentBob: Rod green sure seems to be a terrible player
(05:08 / All) PlayByPlayRod: He has a HUGE group of ghouls going right by the fountain of mana to the top left!
(05:08 / All) ColorCommentBob: What is he up ot?
(05:21 / All) PlayByPlayRod: It looks like he's attacking the outside position! Wow, my commentator friend can't catch a break, everyone's after his stuff!
(05:31 / Allies) newbishhuman: get aa
(05:37 / All) ColorCommentBob: Looks like blue should have put up some towers to go with that expansion
(05:41 / All) PlayByPlayRod: Greeeeeeeeeeeen's priestess of the moon just got a GLOVES OF HASTE! Not a bad item at all!
(05:46 / All) ColorCommentBob: But he was too busy whacking innocent peasants
(05:54 / All) PlayByPlayRod: Looks like he won't immediately be establishing an expansion after all
(06:01 / Allies) newbishhuman: let it go?
(06:02 / All) PlayByPlayRod: Going back to his base to heal with his moon wells
(06:09 / All) ColorCommentBob: Will orange's help be enough, no it doesn't look like it
(06:10 / All) PlayByPlayRod: Here comes orange to thwart red's attack!
(06:12 / All) PlayByPlayRod: Will he get it?
(06:15 / All) ColorCommentBob: Purple left his squad hanging
(06:20 / All) ColorCommentBob: Against those mass ghouls
(06:21 / All) PlayByPlayRod: Will red manage to fight him off and launch a successful attack?
(06:30 / All) PlayByPlayRod: Or will they manage to push back the undead threat?
(06:39 / All) ColorCommentBob: Oh my blue and orange seem to have turned the corner and are going to save this expansion!
(06:41 / All) PlayByPlayRod: Green is meanwhile establishing his expansion back home and continuing to creep
(06:43 / All) ColorCommentBob: Nice work guys
(06:47 / All) ColorCommentBob: Red with the tp on a level 1
(06:47 / All) PlayByPlayRod: seemingly careless of what's going on at the top left!
(06:55 / All) ColorCommentBob: Guess he wanted to deny the small amount of exp
(06:58 / All) PlayByPlayRod: We had a BIG battle, big big battle and it looks like red is going to have to teleport back home, folks!
(07:06 / All) ColorCommentBob: Pink running off in shame, he'll live to fight another day
(07:06 / All) PlayByPlayRod: It looks like they held off pink and red's attack after all
(07:23 / All) ColorCommentBob: Purple joins the fray
(07:28 / All) PlayByPlayRod: However, despite it all it seems like the teams are relatively even! It's still a close game
(07:29 / All) ColorCommentBob: He's the enforcer
(07:38 / All) PlayByPlayRod: Green has an expansion coming up and orange has one running already for a bit longer
(07:42 / All) ColorCommentBob: Green already with some hippo riders
(07:54 / Allies) newbishhuman: whoever has u 2 as allies on same time
(07:55 / Allies) newbishhuman: team
(07:57 / Allies) newbishhuman: is wrecked
(07:57 / All) PlayByPlayRod: Green is still creeping but watch out! Blue, purple and orange may hit pink!
(08:00 / All) ColorCommentBob: TEam 1 with two expansions, looks like they will have a big time advantage
(08:01 / All) PlayByPlayRod: THey're on their way right now!
(08:05 / All) PlayByPlayRod: After doing some of their own creeping
(08:07 / Allies) newbishhuman: too defensive
(08:12 / All) PlayByPlayRod: And pinging green's expo and base as well
(08:19 / All) PlayByPlayRod: Watch out, team 2!
(08:23 / All) PlayByPlayRod: Team 1 is coming for you!
(08:26 / All) ColorCommentBob: Looks like green's gonna save his ally
(08:30 / All) PlayByPlayRod: They won't let up easy after you attacked them
(08:34 / All) ColorCommentBob: But they're at a massive disadvantage, Rod
(08:35 / All) PlayByPlayRod: They're going to give you a hard time
(08:37 / All) ColorCommentBob: 2 expos to 1
(08:43 / Allies) asite1563: do not
(08:44 / All) PlayByPlayRod: But it looks like team 2 stands strong and pushes back
(08:44 / Allies) asite1563: wast hp
(08:58 / All) ColorCommentBob: I think green might take out that catapul
(09:02 / All) ColorCommentBob: yep
(09:04 / All) PlayByPlayRod: Team 1 is really starting to take their lead
(09:06 / All) ColorCommentBob: Nice score by green
(09:14 / All) PlayByPlayRod: And creeping hard before another attack
(09:15 / Allies) hippo: i need to heal
(09:21 / All) ColorCommentBob: Right now green is ruling the battlefield
(09:27 / All) PlayByPlayRod: It's going to be an uphill battle if team 2 doesn't do something to get ahead, everyone
(09:29 / All) ColorCommentBob: But it's still 2 expos to 1
(09:31 / All) PlayByPlayRod: But the game's still up in the air
(09:40 / All) PlayByPlayRod: Purple meanwhile is even expanding in my old base!
(09:43 / All) ColorCommentBob: Blue's expansion si weak, still no towers
(09:48 / All) PlayByPlayRod: They're really going to get a big advantage if that stays up!
(10:04 / All) ColorCommentBob: 3 expansions to 1, this could be big trouble for team 2 later on
(10:05 / All) PlayByPlayRod: Will green manage to rule the air for long with his hippo riders? It may not be so
(10:15 / All) ColorCommentBob: REd is going to attack the towered expansion
(10:18 / All) ColorCommentBob: Instead of the easier one
(10:18 / All) PlayByPlayRod: Because blue is already starting to make lots of TROLL BAT RIDERS!
(10:24 / All) ColorCommentBob: Interesting
(10:31 / All) PlayByPlayRod: And meanwhile orange is making lots of druids of the talon
(10:47 / All) PlayByPlayRod: It's not clear what purple will make from his bestiaries yet
(10:51 / All) ColorCommentBob: REd with another tp
(10:58 / All) ColorCommentBob: Pretty foolish
(11:01 / All) PlayByPlayRod: But team 1 really seems to be ahead on the tech and unit compositions now, too
(11:09 / All) PlayByPlayRod: Pink establishing an expo at the top river, bold move!
(11:12 / All) ColorCommentBob: purple is really starting to plop down those towers rod
(11:13 / All) PlayByPlayRod: And going to attack while it goes up
(11:21 / All) ColorCommentBob: Pink finally expands
(11:31 / All) ColorCommentBob: It may be too little too late at this point
(11:32 / All) PlayByPlayRod: Yeah, once those go up it's going to be difficult for team 2 to break them
(11:41 / Allies) newbishhuman: got mass bats coming
(11:43 / Allies) asite1563: leave that
(11:43 / Allies) newbishhuman: just mining gold
(11:44 / Allies) newbishhuman: get aa
(11:45 / All) PlayByPlayRod: What we really needed to see was a pink and red expansion earlier
(11:55 / All) PlayByPlayRod: However pink is hitting yellow's expo hard
(12:01 / All) ColorCommentBob: Purple is telling his team he's going to go bats
(12:08 / All) PlayByPlayRod: It may be that there's still a fight going on yet
(12:09 / All) ColorCommentBob: IT looks like things just got evened up
(12:19 / All) PlayByPlayRod: Those rifles are dangerous! Fully upgraded they can last all game
(12:22 / All) ColorCommentBob: team 2 has the stronger army by far
(12:30 / All) PlayByPlayRod: Right now he has rifles and mortars 1/0, but they may last him if he chooses to invest
(12:32 / All) ColorCommentBob: Rod I think purple is going to doom his team
(12:36 / All) PlayByPlayRod: And red is joining him for an attack too
(12:47 / All) PlayByPlayRod: but then teleporting back to his main to defend from the blue menace
(12:58 / All) PlayByPlayRod: Blue is making use of all his bats we noticed earlier, Bobby
(13:01 / All) ColorCommentBob: We have two players over here going bats against tier 1 aa
(13:05 / All) PlayByPlayRod: Can team 2 hold on against hit and run bat attacks??!
(13:09 / All) ColorCommentBob: Interesting strategy, I don't think it's going to pay off
(13:15 / All) PlayByPlayRod: Purple is starting to make TAUREN! WHat a surprise!
(13:21 / All) PlayByPlayRod: I thought he'd be going air from the bestiaries for usre!
(13:23 / All) ColorCommentBob: Yes purple switching it up
(13:26 / All) ColorCommentBob: That's a smart move
(13:30 / All) PlayByPlayRod: Pink putting pressure on the mid left base
(13:33 / All) ColorCommentBob: Purple is a craft veteran
(13:35 / All) PlayByPlayRod: But blue and orange coming to defend
(13:44 / All) PlayByPlayRod: Will there be a big battle or will he try to get out of there ?
(13:48 / All) PlayByPlayRod: It looks like pink will be retreating
(13:54 / All) PlayByPlayRod: Team 1's forces is simply too much for him to handle!
(14:03 / All) ColorCommentBob: Pink and green still going strong with their expansions despite no towers
(14:08 / All) PlayByPlayRod: And after that careless failed attack I don't know what pink is going to do Bobby
(14:22 / All) ColorCommentBob: Blue has the reenforced burrows, that's a great move
(14:28 / All) PlayByPlayRod: It looks like he's saving up on 50 food before making a real army
(14:30 / All) ColorCommentBob: Makes them very hard to kill
(14:33 / All) ColorCommentBob: Otherwise, they're sitting ducks
(14:35 / All) PlayByPlayRod: Red advises him to get tanks but would that be enough?
(14:48 / All) PlayByPlayRod: Red is just massing fiends back home
(14:58 / All) ColorCommentBob: Red has a shocking 4-1 record
(15:04 / All) PlayByPlayRod: Fiends are truly a fearsome unit, but against team 1s tech I don't know how well they'll do
(15:05 / All) HILARYREALLYWON: THANKS
(15:11 / All) PlayByPlayRod: Against purple's tauren and melee especially
(15:18 / All) ColorCommentBob: Really hasn't been playing well this match, maybe he'll turn it around and give his team the victory
(15:27 / All) PlayByPlayRod: Purp has some assorted units at the bottom middle position perhaps getting ready to attack
(15:29 / All) PlayByPlayRod: AAAAAAAND UP TOP
(15:31 / All) ColorCommentBob: Blue pinging pinks expansion
(15:36 / All) PlayByPlayRod: ORANGE AND BLUE ARE GOING TO HIT PINK'S EXPANSION!
(15:38 / All) PlayByPlayRod: WATCH OUT!
(15:39 / All) ColorCommentBob: Looks like they're going for the economy advantge
(15:45 / All) ColorCommentBob: Other team has the same idea for purple's expansion
(15:48 / All) PlayByPlayRod: Will he lose his expansion?
(15:53 / All) PlayByPlayRod: BUT PINK AND RED ARE HITTING PURP'S EXPANSION!
(15:59 / All) PlayByPlayRod: It's a two pronged attack Bobby!
(15:59 / All) ColorCommentBob: Purple with the reenforced toewrs as well
(16:09 / All) ColorCommentBob: Team 1 can't make up tehir minds
(16:12 / All) PlayByPlayRod: However pink's is already down and purp's is better defended
(16:15 / All) PlayByPlayRod: so time is on team 1's hands
(16:18 / All) ColorCommentBob: But it looks like they will go after gren's expansion afterall
(16:19 / All) PlayByPlayRod: They';re hitting greens expansion now
(16:25 / All) PlayByPlayRod: It looks like they may get two expansions down for one!
(16:32 / All) ColorCommentBob: Looks like orange will have the only expansion now
(16:38 / All) PlayByPlayRod: That's a trade way in their favour if you ask me, team 2 still not managing to catch a break
(16:45 / All) PlayByPlayRod: And now pink's main is being hit as well
(16:50 / All) ColorCommentBob: I have to say I still think team 2 has the better force
(16:51 / All) PlayByPlayRod: They're going to have to defend that
(16:59 / All) ColorCommentBob: Purple is foolish here, Rod
(17:00 / All) PlayByPlayRod: Pink teleporting back behind his main castle
(17:01 / All) ColorCommentBob: Too many towers
(17:05 / All) PlayByPlayRod: But no one else is coming to join him yet!
(17:07 / All) ColorCommentBob: HE relaly should ahve scouted iwth his bm
(17:10 / All) ColorCommentBob: That's a rookie mistake
(17:12 / All) PlayByPlayRod: They may be pressuring green instead
(17:19 / All) PlayByPlayRod: But green and red have tped there
(17:19 / All) ColorCommentBob: You hate to see mistakes like that cost teams this late in the match
(17:26 / All) PlayByPlayRod: and seem like they may successfully hold it back
(17:27 / All) ColorCommentBob: Purple fighting alone pretty much
(17:34 / All) PlayByPlayRod: Heroes going down left and right, tinker and death knight! So careless!
(17:34 / All) ColorCommentBob: Purple joines the fray
(17:36 / All) PlayByPlayRod: Uh oh
(17:40 / All) PlayByPlayRod: There's the purple melee I mentioned
(17:40 / All) ColorCommentBob: But pink is right on his tails
(17:46 / All) ColorCommentBob: Green with a suicide starfall
(17:46 / All) PlayByPlayRod: They're really posing a danger to those fiends
(17:49 / All) ColorCommentBob: Interesting decision
(17:49 / All) PlayByPlayRod: The fiends are running!
(18:00 / All) PlayByPlayRod: Retreat, the tauren are pushing through!
(18:13 / All) ColorCommentBob: I think purple and blue should pupll back here
(18:15 / All) ColorCommentBob: They seem headstrong
(18:16 / All) PlayByPlayRod: The hipporiders can hit the tauren without issue but they don't do much damage
(18:21 / All) HILARYREALLYWON: GG
(18:22 / All) ColorCommentBob: They don't even have any AA, and they're out gunned!
(18:23 / All) HILARYREALLYWON: Gl next game
(18:24 / All) PlayByPlayRod: They're just prodding the cows Bob, they can't do much against those
(18:28 / All) PlayByPlayRod: Red surrendering!
(18:35 / All) PlayByPlayRod: Shocking, is that team 2 about to go a player down!
(18:37 / All) HILARYREALLYWON: no im not
(18:39 / All) HILARYREALLYWON: ts over for them
(18:53 / All) PlayByPlayRod: What a surprise, he's actually saying he won already!
(18:56 / All) PlayByPlayRod: But I don't think it's over yet
(19:03 / All) PlayByPlayRod: We have an overconfident team 2 about to go hit team 1 back
(19:06 / All) ColorCommentBob: I'd like to see team 1 change up theri units
(19:16 / All) PlayByPlayRod: Will they punish team 1 for their assault and manage to win as red hopes?
(19:16 / All) ColorCommentBob: Weak orc air is not the solution, IMO Rod
(19:21 / All) PlayByPlayRod: Or will team 1 hold them back?
(19:23 / Allies) newbishhuman: let me focus melee
(19:28 / All) ColorCommentBob: Blue about to lose another expansion
(19:32 / All) ColorCommentBob: No towers of course
(19:35 / All) PlayByPlayRod: I agree Bob, I don't think orc air is the answer to team 2 at this point
(19:39 / All) ColorCommentBob: all the bottom expansions still not clear
(19:47 / All) ColorCommentBob: Mid right not clear
(19:50 / All) PlayByPlayRod: But they manage to get blue's expo
(19:53 / All) PlayByPlayRod: Red is nowhere to be seen
(20:01 / All) PlayByPlayRod: Building up back home and STILL no expansion!
(20:01 / All) ColorCommentBob: I have to say overall skill in this match was a disappointment
(20:11 / All) PlayByPlayRod: Uh oh, pink and green are going to have to retreat
(20:13 / All) ColorCommentBob: Red finally sallying forth
(20:13 / All) PlayByPlayRod: It's too much for them
(20:22 / All) ColorCommentBob: Looks like he has abandoned the PORCH MONKEY approach
(20:23 / All) PlayByPlayRod: Pink is going to transition to knights, but is it too little too late?
(20:33 / All) ColorCommentBob: Team 1 has a big advantage in heroes
(20:36 / All) PlayByPlayRod: Pink and green being routed back by the night elves and orcs of orange and blue
(20:48 / All) PlayByPlayRod: Red hitting orange's expo with his new fiends and revived death knight
(20:52 / All) ColorCommentBob: Pink just outside of range of purples tower building at his old expo
(20:55 / All) ColorCommentBob: Lucky for purple
(20:56 / All) PlayByPlayRod: Blue pings it, will they be able to defend it?
(21:11 / All) PlayByPlayRod: Purp establishing a tower at his previous expo in my old base, perhaps hoping to restart that base
(21:17 / All) PlayByPlayRod: And he just crept bottom left too!
(21:22 / All) PlayByPlayRod: It looks like he's expanding at bottom left
(21:28 / All) newbishhuman: let me focus meelee?
(21:34 / All) PlayByPlayRod: That could be two expansions for purp if it goes how it seems it will!
(21:40 / All) PlayByPlayRod: Orange is heading across the map perhaps to hit pink
(21:42 / All) ColorCommentBob: This is a better unit composition for team 1
(21:48 / All) ColorCommentBob: ORange with the AA and the orcs with the melee
(21:49 / All) PlayByPlayRod: And green is establishing his top right expansion again
(21:57 / All) PlayByPlayRod: Meanwhile green pink, red all seem to be pushing out at top
(22:04 / All) PlayByPlayRod: But orange is hitting them too, they're out of position to defend it!
(22:06 / Allies) newbishhuman: tle out blue
(22:07 / Allies) newbishhuman: tele out
(22:08 / All) ColorCommentBob: Blue caught alone up top
(22:11 / All) PlayByPlayRod: Will we see a base trade for where they hit?
(22:14 / All) ColorCommentBob: fighting 3 on 1 finally recalls away
(22:18 / All) ColorCommentBob: after losing his SH
(22:19 / All) PlayByPlayRod: Uh oh, blue carelessly lost a hero
(22:29 / All) PlayByPlayRod: He needed that shadow hunter right now
(22:33 / All) ColorCommentBob: Green with a new expansion up top almost ready
(22:49 / All) PlayByPlayRod: And red's base is being attacked
(22:50 / All) ColorCommentBob: I have to say I really think team 1 has got this
(22:54 / All) PlayByPlayRod: But they're taking out one of orange's expansions!
(23:00 / All) ColorCommentBob: REd is going to lose his base, and he has no expansion
(23:03 / All) PlayByPlayRod: I'm not sure Bob, it looks like a close battle
(23:03 / Allies) newbishhuman: GET MAIN FAST
(23:07 / Allies) newbishhuman: FFS B4 HE TELES
(23:08 / All) PlayByPlayRod: Red says not to worry about his base
(23:11 / All) PlayByPlayRod: Could we see a BASE RACE?
(23:12 / All) ColorCommentBob: Red has a big gold crisis right now
(23:16 / All) PlayByPlayRod: It looks like pink is going back to defend
(23:19 / All) ColorCommentBob: OH NO
(23:20 / All) PlayByPlayRod: But red isn't right behind him
(23:23 / All) PlayByPlayRod: HE'S CAUGHT ALONE!
(23:23 / All) ColorCommentBob: DISASTER FOR PINK
(23:24 / All) PlayByPlayRod: UH OH
(23:27 / All) PlayByPlayRod: PINK IS CAUGHT ALONE
(23:30 / All) newbishhuman: oh fuk yea
(23:31 / All) PlayByPlayRod: DISASTER, BIG MISTAKE
(23:32 / All) ColorCommentBob: They tried to TP far too late
(23:34 / All) ColorCommentBob: BIg mistake
(23:35 / All) PlayByPlayRod: HE LOST EVERYTHING!
(23:37 / All) ColorCommentBob: Big big mistake
(23:41 / All) ColorCommentBob: This is game right here Rod
(23:44 / All) ColorCommentBob: It's over
(23:45 / All) PlayByPlayRod: Pink just gave away his whole army folks
(23:55 / All) PlayByPlayRod: Unfortunately I think you're right Bob
(23:58 / All) ColorCommentBob: Team 2 might not even manage to take blue alone
(23:58 / All) PlayByPlayRod: I think red is going to eat his words
(24:02 / All) ColorCommentBob: Blue caught without a tp
(24:04 / All) ColorCommentBob: and trapped
(24:05 / All) PlayByPlayRod: It looks like it's gg for him and his team after all
(24:07 / All) ColorCommentBob: Oh he manages to slip loose
(24:11 / All) ColorCommentBob: But he loses his hero anyway
(24:11 / All) PlayByPlayRod: ANd he wasn't as victorious as he thought he would be
(24:13 / All) ColorCommentBob: to the dk
(24:17 / All) ColorCommentBob: Yeah this is game
(24:20 / All) PlayByPlayRod: If they're to come back from this it's going to be a steep hill to climb indeed
(24:25 / All) ColorCommentBob: They made a mistake to base trade
(24:29 / All) PlayByPlayRod: And red losing even more at blue's base
(24:30 / All) ColorCommentBob: and then decided to tp far too late
(24:31 / Allies) asite1563: gold for mine
(24:34 / All) PlayByPlayRod: The issue was they needed to commit, I think
(24:35 / All) ColorCommentBob: trapping pink 3 against 1
(24:40 / All) PlayByPlayRod: Pink panicked
(24:44 / All) PlayByPlayRod: And red's team is gone
(24:47 / All) PlayByPlayRod: Looks like red loses
(24:50 / All) ColorCommentBob: Indeed, and by that point it was too late for his allies to follow
(24:51 / All) PlayByPlayRod: Not enough skill from his team
(24:53 / All) newbishhuman: gg
(24:55 / All) PlayByPlayRod: Team 1 is the superior players Bob
(24:56 / All) HILARYREALLYWON: GG
(24:58 / All) ColorCommentBob: REd spoke to soon it would seem
(24:59 / All) newbishhuman: u guys should be court
(25:02 / All) ColorCommentBob: Red drops to 4-2
(25:03 / All) newbishhuman: stenographers
(25:05 / All) PlayByPlayRod: But we've overall had an exciting match
(25:09 / Allies) asite1563: gold pls
(25:15 / All) PlayByPlayRod: And I hope you've all enjoyed this fine commentary from Bob & ROd tonight
(25:15 / All) ColorCommentBob: If I had to put the blame on anyone's shoulders it would have to be red's
(25:22 / All) ColorCommentBob: He really was useless
(25:22 / All) newbishhuman: gg
(25:24 / All) PlayByPlayRod: We hope to see you both again sometime soon for another game
(25:31 / All) ColorCommentBob: Red never even tried to expand
(25:36 / All) PlayByPlayRod: I think so too, actually
(25:37 / All) ColorCommentBob: He made a series of mistakes and poor plays
(25:42 / All) PlayByPlayRod: I think if red had expanded they might've had it
(25:49 / All) PlayByPlayRod: An undead expansion is a serious boon to their team
(25:49 / All) ColorCommentBob: Pink made the mistake late, but he did a lot for his team
(25:55 / All) PlayByPlayRod: But team 1 was ahead in expansions from the start
(26:08 / All) PlayByPlayRod: Red made a lot of ghouls that did nothing, he had them all on lumber most of the game!
(26:13 / All) ColorCommentBob: Alright well that's it for us, thank you for watching and see you next time. This is BATTLE NET!!!
(26:15 / All) PlayByPlayRod: And he just made fiends all game
(26:20 / All) ColorCommentBob: Adios folks